 Dungeon Crawl Stone Soup version 0.19.3-1-g3169bf9 (webtiles) character file.

178042 Jerry the Warrior (level 17, 0/144 HPs)
             Began as a Demonspawn Berserker on Jan 25, 2017.
             Was the Champion of Trog.
             Killed from afar by a shock serpent (6 damage)
             ... with an electric aura
             ... on level 4 of the Snake Pit.
             The game lasted 02:08:02 (25890 turns).

Jerry the Warrior (Demonspawn Berserker)           Turns: 25890, Time: 02:08:02

Health: 0/144      AC: 30    Str: 23    XL:     17   Next: 56%
Magic:  17/17      EV: 23    Int: 10    God:    Trog [******]
Gold:   2914       SH:  0    Dex: 24    Spells: 0 memorised, 16 levels left

rFire  . . .     SeeInvis +     P - +4 demon blade (vamp)
rCold  + + +     Gourm    .     z - +7 chain mail of Xeith {+Fly rC+}
rNeg   . . .     Faith    .     (no shield)
rPois  +         Spirit   .     (helmet unavailable)
rElec  .         Reflect  .     E - +1 cloak
rCorr  .         Harm     .     F - +0 pair of gloves of the Meadowlark {Int+2 Dex+4}
MR     +....                    R - +1 pair of boots
Stlth  ..........               C - amulet of regeneration
                                i - ring of poison resistance
                                w - +3 ring of evasion

@: mighty, lethally poisoned (0 -> 0)
A: horns 3, slimy green scales 2, see invisible, cold resistance 2, powered by
pain 3, regeneration 1, freezing cloud immunity
a: Berserk, Trog's Hand, Brothers in Arms, Burn Spellbooks, Renounce Religion,
Evoke Flight


You were on level 4 of the Snake Pit.
You worshipped Trog.
Trog was exalted by your worship.
You were not hungry.

You visited 5 branches of the dungeon, and saw 28 of its levels.
You visited 1 bazaar.
You also visited: Sewer and Bailey.

You collected 3740 gold pieces.
You spent 826 gold pieces at shops.

Inventory:

Hand Weapons
 P - a +4 vampiric demon blade (weapon)
Armour
 z - the +7 chain mail of Xeith (worn) {+Fly rC+}
   (You found it on level 9 of the Dungeon)

   It protects you from cold.
   It lets you fly.
 E - a +1 cloak (worn)
 F - the +0 pair of gloves of the Meadowlark (worn) {Int+2 Dex+4}
   (You bought it in a shop in a bazaar)

   It affects your intelligence (+2).
   It affects your dexterity (+4).
 R - a +1 pair of boots (worn)
Jewellery
 i - a ring of poison resistance (right hand)
 w - a +3 ring of evasion (left hand)
 y - an uncursed ring of resist corrosion
 C - an amulet of regeneration (around neck)
Wands
 f - a wand of digging (13/24)
Scrolls
 a - 3 scrolls of magic mapping
 b - 13 scrolls of teleportation
 h - 8 scrolls of recharging
 m - 4 scrolls of fog
 o - 9 scrolls of identify
 p - a scroll of enchant armour {unknown}
 G - 4 scrolls of blinking
 L - 3 scrolls of immolation
 M - a scroll of acquirement
 N - 4 scrolls of remove curse
 S - 2 scrolls of silence
 W - a scroll of fear
Potions
 d - 4 potions of might
 e - 4 potions of mutation
 g - 3 potions of magic
 l - 14 potions of curing
 n - 5 potions of heal wounds
 q - a potion of berserk rage
 r - a potion of invisibility
 s - 3 potions of cure mutation
 t - 5 potions of resistance
 u - 12 potions of brilliance
 v - 3 potions of ambrosia
 B - 6 potions of flight
 H - 2 potions of cancellation
 J - 4 potions of agility
 X - 4 potions of haste
Books
 D - a book of Cantrips

   Spells                             Type                      Level
   a - Confusing Touch                Hexes                        1
   b - Animate Skeleton               Necromancy                   1
   c - Summon Small Mammal            Summoning                    1
   d - Apportation                    Translocation                1
   Trog disapproves of the use of such an item.
 Q - a book of Air

   Spells                             Type                      Level
   a - Shock                          Conjuration/Air              1
   b - Swiftness                      Charms/Air                   2
   c - Repel Missiles                 Charms/Air                   2
   d - Static Discharge               Conjuration/Air              3
   e - Lightning Bolt                 Conjuration/Air              5
   Trog disapproves of the use of such an item.
Comestibles
 c - 14 bread rations
 j - 6 meat rations
 k - 11 royal jellies
 A - a slice of pizza
 I - 4 beef jerkies
 K - 31 fruits


   Skills:
 + Level 15.9 Fighting
 + Level 14.8 Long Blades
 + Level 14.9 Armour
 + Level 14.6 Dodging


You had 16 spell levels left.
You didn't know any spells.

Dungeon Overview and Level Annotations

Branches:
Dungeon (15/15)            Temple (0/1) D:5            Lair (6/6) D:9
  Swamp (0/4) Lair:4        Snake (4/4) Lair:3        Slime (0/5) Lair:6
    Orc (2/2) D:10            Elf (0/3) Orc:2        Vaults (0/5) D:14
 Depths (1/5) D:15

Altars:
Elyvilon
Fedhas
Hepliaklqana
Kikubaaqudgha
Nemelex Xobeh
Okawaru
Sif Muna
Trog
Uskayaw
Yredelemnul
The Shining One
Beogh
Jiyva

Shops:
D:5 (!%   D:8 [   D:12 *   D:13 }   D:14 [?*   D:15 :   Orc:2 *}(   Snake:2 ==}


Innate Abilities, Weirdness & Mutations

You have a pair of large horns on your head.
You are mostly covered in slimy green scales. (AC +3)
Your flesh is very cold resistant. (rC++)
You are powered by pain.
You are immune to freezing clouds.
You have supernaturally acute eyesight. (SInv)
Your natural rate of healing is unusually fast.


Message History

Things that are here:
a trident; a spear; a naga corpse You slice the shock serpent!!
You feel better.
You headbutt the shock serpent!
The shock serpent is severely wounded.
The shock serpent's electric aura discharges violently, shocking you!
* * * LOW HITPOINT WARNING * * *
You feel sick. The shock serpent bites you.
* * * LOW HITPOINT WARNING * * *
The shock serpent shocks you!
* * * LOW HITPOINT WARNING * * *
You miss the shock serpent. Your headbutt misses the shock serpent.
The shock serpent is severely wounded.
The naga mage mumbles some strange words.
The naga mage seems to speed up.
The naga mage hits you with a flail!
* * * LOW HITPOINT WARNING * * *
The naga mage closely misses you.
You slash the shock serpent!
You feel better.
You headbutt the shock serpent!
The shock serpent is almost dead.
The shock serpent's electric aura discharges, shocking you!
You die...

§.≈≈§########≈§≈.(.##.....##.)÷..
≈§≈###......###≈≈≈..########.....
≈≈##..........##§§≈))######...##.
≈##....).).)...##≈≈≈)(##.......'.
##....######....##≈≈≈.)##.....##.
#...### ###...##≈§§§.##....###
)..## ##...##≈≈≈..#....### ..##
##[†.#§≈≈.)#....'.. ).#
#@S'#####'#....##. ###
##N#...##))..#####
##N....##...##### ......#........
......#........ ......#........
.....##........ #...##.........
####..........


You could see a shock serpent and 2 naga magi.

Vanquished Creatures
  Rupert (Lair:3)
  6 nagarajas
  2 frost giants (Depths:1)
  2 spriggan defenders (Depths:1)
  An ettin (Depths:1)
  A fire dragon (Depths:1)
  An ice dragon (Lair:6)
  19 naga warriors
  A spriggan air mage (Depths:1)
  19 anacondas
  4 hydras
  A catoblepas (Lair:6)
  4 centaur warriors
  An ogre mage (D:15)
  A tengu warrior (Depths:1)
  A queen ant (D:11)
  A vampire mage (D:15)
  3 orc high priests (Orc:2)
  11 shock serpents
  9 naga sharpshooters
  The ghost of artanisace the Spear-Bearer, a novice MfIE of Yredelemnul (D:10)
  A storm dragon zombie (D:15)
  2 skeletal warriors (D:15)
  4 salamander mystics (Snake:4)
  3 unseen horrors
  6 naga ritualists
  3 hill giants
  5 lindwurms
  4 orc knights (Orc:2)
  13 mana vipers
  4 orc sorcerers
  A cyclops (D:15)
  2 manticores
  2 deep elf magi
  21 ugly things
  7 salamanders
  6 elephants
  4 guardian serpents
  39 black mambas
  A spriggan zombie (D:15)
  29 naga magi
  6 torpor snails (Lair:6)
  Joseph (Lair:1)
  The ghost of Kiel97 the Slasher, a novice HuFi (D:5)
  A kobold demonologist (D:6)
  10 spiny frogs
  5 komodo dragons
  6 trolls
  A tengu conjurer (Depths:1)
  4 polar bears
  13 hornets
  5 two-headed ogres
  4 tyrant leeches (Lair:6)
  Prince Ribbit (Lair:3)
  13 blink frogs
  5 slime creatures (D:9)
  7 hippogriffs
  A meliai zombie (D:15)
  3 flying skulls (D:9)
  3 shadows
  A water elemental (Depths:1)
  A vampire (D:13)
  2 spriggans (Depths:1)
  5 wraiths
  A wyvern (D:10)
  A hog (D:14)
  6 basilisks
  2 hungry ghosts
  41 yaks
  Grum (D:7)
  A warg (Orc:2)
  48 nagas
  3 mottled dragons
  A naga (shapeshifter) (D:14)
  8 soldier ants
  15 water moccasins
  3 ice beasts
  A sky beast (shapeshifter) (Depths:1)
  A hornet zombie (D:14)
  A tengu skeleton (D:15)
  7 porcupines
  25 orc warriors
  4 sky beasts
  A black bear (Lair:3)
  9 wolves
  3 phantoms
  A necrophage (D:10)
  10 ogres
  18 centaurs
  12 crocodiles
  3 big kobolds
  8 gnoll sergeants (Bailey)
  18 bullfrogs
  2 wyvern zombies
  2 wyvern skeletons (D:9)
  2 scorpions
  A water moccasin skeleton (D:9)
  2 wights (D:9)
  3 electric eels
  3 howler monkeys
  5 crimson imps
  2 bullfrog zombies (D:9)
  3 jellies
  A quasit (D:12)
  12 hounds
  2 bullfrog skeletons
  26 orc priests
  5 centaur skeletons
  6 gnoll shamans
  4 iguanas
  35 orc wizards
  20 worker ants
  A hound zombie (D:9)
  2 hound skeletons (D:9)
  19 gnolls
  A worker ant zombie (D:9)
  2 river rats (Sewer)
  14 adders
  2 shadow imps
  A worm (Sewer)
  2 adder skeletons (D:9)
  4 adder zombies
  3 dart slugs (D:1)
  6 leopard geckos
  111 orcs
  11 ball pythons
  8 giant cockroaches
  13 goblins
  6 hobgoblins
  12 jackals
  22 kobolds
  4 bats
  5 frilled lizards
  2 jackal skeletons
  A leopard gecko skeleton (D:8)
  2 quokka skeletons
  A quokka zombie (D:9)
  10 rats
  A bush (Lair:4)
  A butterfly (Lair:6)
1002 creatures vanquished.

Vanquished Creatures (collateral kills)
  Agnes (D:14)
  Kirke (D:14)
  Roxanne (D:14)
  A centaur warrior (D:12)
  A skeletal warrior (D:9)
  2 necromancers
  An oklob plant (Lair:4)
  A cyclops (D:13)
  A stone giant skeleton (D:15)
  A centaur zombie (D:14)
  A kobold demonologist (D:13)
  A two-headed ogre (D:14)
  A hippogriff (D:11)
  A flying skull (D:9)
  A shadow (D:9)
  A wraith (D:9)
  A hog (D:14)
  A hungry ghost (D:11)
  An ice beast (D:14)
  An ogre (D:12)
  A centaur (D:12)
  A big kobold (D:12)
  A howler monkey (D:10)
  A bullfrog zombie (D:12)
  A gnoll shaman (Bailey)
  An orc wizard (D:10)
  4 worker ants (D:11)
  A hound skeleton (D:9)
  A shadow imp (D:14)
  4 orcs
  3 kobolds (D:12)
  A plant (Lair:6)
41 creatures vanquished.

Vanquished Creatures (others)
  A manticore (D:15)
  A human (D:14)
  An orc priest (Orc:2)
  An orc (Orc:2)
  A bush (Lair:6)
  3 fungi
  2 withered plants (D:15)
10 creatures vanquished.

Grand Total: 1053 creatures vanquished

Notes
Turn   | Place    | Note
-------+----------+-------------------------------------------
     0 | D:1      | Jerry the Demonspawn Berserker began the quest for the Orb.
     0 | D:1      | Reached XP level 1. HP: 18/18 MP: 1/1
   312 | D:1      | Gained mutation: You have a pair of small horns on your head. [demonic ancestry]
   312 | D:1      | Reached XP level 2. HP: 17/24 MP: 2/2
   773 | D:1      | Reached ** piety under Trog
  1000 | D:1      | Gained mutation: You have a pair of horns on your head. [demonic ancestry]
  1000 | D:1      | Reached XP level 3. HP: 29/29 MP: 3/3
  1507 | D:2      | Gained mutation: You sometimes gain a little power by taking damage. [demonic ancestry]
  1507 | D:2      | Reached XP level 4. HP: 31/36 MP: 4/4
  2336 | D:3      | Reached *** piety under Trog
  2347 | D:3      | Gained mutation: Your flesh is cold resistant. (rC+) [demonic ancestry]
  2347 | D:3      | Reached XP level 5. HP: 41/42 MP: 5/5
  2356 | D:3      | Reached skill level 4 in Fighting
  2449 | D:3      | Found an ancient bone altar of Kikubaaqudgha.
  2450 | D:3      | Found a sparkling altar of Nemelex Xobeh.
  2664 | D:3      | Reached XP level 6. HP: 45/48 MP: 6/6
  2674 | D:3      | Found a hazy altar of Hepliaklqana.
  2725 | D:4      | Found a bloodstained altar of Trog.
  2877 | D:4      | Gained mutation: You sometimes gain power by taking damage. [demonic ancestry]
  2877 | D:4      | Reached XP level 7. HP: 55/55 MP: 7/7
  3023 | D:4      | Found a hide-covered altar of Uskayaw.
  3023 | D:4      | Found an iron altar of Okawaru.
  3184 | D:5      | Entered Level 5 of the Dungeon
  3244 | D:5      | Found a glowing drain.
  3252 | Sewer    | Entered a sewer
  3355 | Sewer    | Reached skill level 5 in Fighting
  3686 | D:5      | Found Ziyda's Weapon Shoppe.
  3707 | D:5      | Noticed Kiel97's ghost (novice HuFi)
  3717 | D:5      | Killed Kiel97's ghost
  3807 | D:5      | Found Toevvyp's Food Boutique.
  3823 | D:5      | Found a staircase to the Ecumenical Temple.
  3847 | D:5      | Reached XP level 8. HP: 44/63 MP: 8/8
  3883 | D:5      | Found Lualomau's Distillery.
  3894 | D:5      | Bought a potion of agility for 44 gold pieces
  3894 | D:5      | Bought a potion of curing for 33 gold pieces
  3894 | D:5      | Bought a potion of degeneration for 11 gold pieces
  3894 | D:5      | Bought a potion of heal wounds for 55 gold pieces
  3894 | D:5      | Bought a potion of mutation for 27 gold pieces
  3957 | D:5      | Reached **** piety under Trog
  3993 | D:5      | Reached skill level 5 in Long Blades
  4127 | D:6      | Noticed a kobold demonologist
  4145 | D:6      | Noticed a sixfirhy
  4152 | D:6      | Noticed a hellwing
  4158 | D:6      | Killed a kobold demonologist
  4158 | D:6      | Reached skill level 6 in Fighting
  4158 | D:6      | Reached skill level 5 in Armour
  4158 | D:6      | Reached skill level 5 in Dodging
  4630 | D:6      | Gained mutation: You are partially covered in slimy green scales. (AC +2) [demonic ancestry]
  4630 | D:6      | Reached XP level 9. HP: 68/71 MP: 9/9
  4783 | D:6      | Found a deep blue altar of Sif Muna.
  5066 | D:7      | Reached skill level 7 in Fighting
  5204 | D:7      | Found a white marble altar of Elyvilon.
  5298 | D:7      | Reached ***** piety under Trog
  5909 | D:8      | Noticed Grum
  5970 | D:7      | Killed Grum
  6080 | D:8      | Reached skill level 8 in Fighting
  6080 | D:8      | Reached XP level 10. HP: 80/80 MP: 10/10
  6153 | D:8      | Found Vish's Armour Shoppe.
  6640 | D:8      | Got a shimmering flail
  6641 | D:8      | Identified the +8 flail of the Brain {vamp, rElec rF+ Dex+4} (You found it on level 8 of the Dungeon)
  6751 | D:9      | Got a faintly glowing chain mail
  6777 | D:9      | Identified the +7 chain mail of Xeith {+Fly rC+} (You found it on level 9 of the Dungeon)
  6969 | D:9      | Noticed a skeletal warrior
  6996 | D:9      | Noticed a necromancer
  7000 | D:9      | Killed a skeletal warrior
  7000 | D:9      | Reached skill level 9 in Fighting
  7002 | D:9      | Killed a necromancer
  7033 | D:9      | Reached XP level 11. HP: 82/89 MP: 11/11
  7179 | D:9      | Received a gift from Trog
  7201 | D:9      | Found a basalt altar of Yredelemnul.
  7204 | D:9      | Found a glowing golden altar of the Shining One.
  7207 | D:9      | Noticed an angel
  7333 | D:9      | Found a staircase to the Lair.
  7977 | D:9      | Paralysed by a hornet for 1 turns
  8113 | D:10     | Entered Level 10 of the Dungeon
  8164 | D:10     | Noticed artanisace's ghost (novice MfIE)
  8187 | D:10     | Killed artanisace's ghost
  8275 | D:10     | Reached skill level 10 in Fighting
  8482 | D:10     | Found a flagged portal.
  8493 | Bailey   | Entered a bailey
  9371 | D:10     | Found a staircase to the Orcish Mines.
  9387 | D:10     | Found a roughly hewn altar of Beogh.
  9387 | D:10     | Reached ****** piety under Trog
  9467 | D:10     | Received a gift from Trog
  9681 | D:11     | Noticed a brown ugly thing
  9690 | D:11     | Killed a brown ugly thing
  9712 | D:11     | Noticed a queen ant
  9713 | D:11     | Reached XP level 12. HP: 98/98 MP: 12/12
  9730 | D:11     | Killed a queen ant
 10329 | D:12     | Reached skill level 10 in Long Blades
 10463 | D:12     | Noticed a centaur warrior
 10472 | D:12     | Killed a centaur warrior
 10639 | D:12     | Found Fityu's Serpentskin Sales.
 10645 | D:12     | Reached skill level 11 in Fighting
 10952 | D:13     | Received a gift from Trog
 11064 | D:13     | Reached skill level 10 in Armour
 11070 | D:13     | Reached skill level 10 in Dodging
 11276 | D:13     | Found Lyakiq's Gadget Emporium.
 11766 | D:14     | Noticed Kirke
 11769 | D:14     | Reached XP level 13. HP: 102/106 MP: 13/13
 11805 | D:14     | Found Vopnutu's Antique Armour Boutique.
 11818 | D:14     | Killed Kirke
 11829 | D:14     | Found Zezasub's Magic Scroll Shoppe.
 11842 | D:14     | Bought a scroll of magic mapping for 49 gold pieces
 11847 | D:14     | Noticed Roxanne
 11855 | D:14     | Noticed Agnes
 11865 | D:14     | Killed Agnes
 11867 | D:14     | Found Guer's General Store.
 11875 | D:14     | Found a flickering gateway to a bazaar.
 11883 | D:14     | Killed Roxanne
 11897 | Bazaar   | Entered a bazaar
 11904 | Bazaar   | Found Hoogh's Antique Armour Shop.
 11912 | Bazaar   | Bought a pair of fine gloves for 247 gold pieces
 11922 | Bazaar   | Identified the +0 pair of gloves of the Meadowlark {Int+2 Dex+4} (You bought it in a shop in a bazaar)
 11928 | Bazaar   | Found Bete's Gadget Shop.
 12095 | D:14     | Found a gate to the Vaults.
 12264 | D:15     | Entered Level 15 of the Dungeon
 12278 | D:15     | Reached skill level 12 in Fighting
 12366 | D:15     | Found a staircase to the Depths.
 12375 | D:15     | Received a gift from Trog
 12382 | D:15     | Got a twisted scimitar {god gift}
 12467 | D:15     | Identified the +4 scimitar of Rizaan {drain, Int+4 Dex+2} (Trog gifted it to you on level 15 of the Dungeon)
 12496 | D:15     | Found Riuneuf's Book Shop.
 12581 | D:15     | Found a blossoming altar of Fedhas.
 13278 | Lair:1   | Entered Level 1 of the Lair of Beasts
 13446 | Lair:1   | Noticed Joseph
 13456 | Lair:1   | Killed Joseph
 13947 | Lair:1   | Gained mutation: You have a pair of large horns on your head. [demonic ancestry]
 13947 | Lair:1   | Reached XP level 14. HP: 116/116 MP: 14/14
 15004 | Lair:3   | Noticed Prince Ribbit
 15008 | Lair:3   | Killed Prince Ribbit
 15202 | Lair:3   | Noticed Rupert
 15213 | Lair:3   | Killed Rupert
 15379 | Lair:3   | Reached skill level 13 in Fighting
 15751 | Lair:3   | Received a gift from Trog
 15757 | Lair:3   | Found a staircase to the Snake Pit.
 16404 | Lair:4   | Found a staircase to the Swamp.
 17602 | Lair:6   | Entered Level 6 of the Lair of Beasts
 17802 | Lair:6   | Found a runed door.
 17874 | Lair:6   | Paralysed by a hornet for 3 turns
 18093 | Lair:6   | Received a gift from Trog
 18251 | Lair:6   | Found a viscous altar of Jiyva.
 18251 | Lair:6   | Found a staircase to the Slime Pits.
 18649 | Lair:6   | Got a scorched great sword {god gift}
 18650 | Lair:6   | Identified the +5 great sword "Izac" {elec, rPois Str-4 Int+5} (Trog gifted it to you on level 6 of the Lair of Beasts)
 18797 | Lair:6   | Gained mutation: You are powered by pain. [demonic ancestry]
 18797 | Lair:6   | Reached XP level 15. HP: 125/125 MP: 15/15
 18983 | Lair:2   | Gained mutation: Your natural rate of healing is unusually fast. [potion of mutation]
 18983 | Lair:2   | Gained mutation: You have supernaturally acute eyesight. (SInv) [potion of mutation]
 18983 | Lair:2   | Gained mutation: Your flesh is very cold resistant. (rC++) [potion of mutation]
 19107 | Orc:1    | Entered Level 1 of the Orcish Mines
 19436 | Orc:2    | Entered Level 2 of the Orcish Mines
 19732 | Orc:2    | Received a gift from Trog
 19877 | Orc:2    | Found Kuinu's Food Boutique.
 19877 | Orc:2    | Found Iday's Assorted Antiques.
 19879 | Orc:2    | Found Mibroun's Weapon Boutique.
 19879 | Orc:2    | Found Giseilyxi's Gadget Shoppe.
 19890 | Orc:2    | Bought a polished scale mail for 270 gold pieces
 19890 | Orc:2    | Bought 2 scrolls labeled TAGEMIFAAG for 60 gold pieces
 19890 | Orc:2    | Bought a scroll labeled KIUHUE APUVOYL for 30 gold pieces
 19901 | Orc:2    | Identified the cursed +0 scale mail "Plog" {MR+} (You bought it in a shop on level 2 of the Orcish Mines)
 20046 | Orc:2    | Received a gift from Trog
 20141 | Orc:2    | Found a staircase to the Elven Halls.
 20438 | Orc:2    | Got a pair of steaming gloves
 20449 | Orc:2    | Identified the +2 pair of gloves of Pessimism {rCorr Int+3 Slay-4} (You acquired it on level 2 of the Orcish Mines)
 20916 | Depths:1 | Entered Level 1 of the Depths
 20955 | Depths:1 | Noticed a frost giant
 20974 | Depths:1 | Killed a frost giant
 20974 | Depths:1 | Reached skill level 14 in Fighting
 21108 | Depths:1 | Noticed a frost giant
 21141 | Depths:1 | HP: 6/189 [ettin/dire flail (32)]
 21144 | Depths:1 | HP: 2/189 [spriggan rider/spear[a spriggan defender] (9)]
 21148 | Depths:1 | Killed a frost giant
 21340 | D:9      | Received a gift from Trog
 21395 | Snake:1  | Entered Level 1 of the Snake Pit
 22041 | Snake:2  | Noticed a nagaraja
 22062 | Snake:2  | Killed a nagaraja
 22063 | Snake:2  | Gained mutation: You are immune to freezing clouds. [demonic ancestry]
 22063 | Snake:2  | Reached XP level 16. HP: 82/134 MP: 16/16
 22127 | Snake:2  | Found a runed gate.
 22127 | Snake:2  | Found a runed gate.
 22127 | Snake:2  | Found a runed gate.
 22604 | Snake:2  | Found Alyatz's Gadget Shoppe.
 22604 | Snake:2  | Found Zaewosul's Jewellery Boutique.
 22605 | Snake:2  | Found Amenise's Jewellery Boutique.
 22743 | Snake:2  | Received a gift from Trog
 22875 | Snake:3  | Found a hide-covered altar of Uskayaw.
 22930 | Snake:3  | Reached skill level 15 in Fighting
 23323 | Snake:4  | Entered Level 4 of the Snake Pit
 23997 | Snake:4  | Received a gift from Trog
 24020 | Snake:4  | Gained mutation: You are mostly covered in slimy green scales. (AC +3) [demonic ancestry]
 24020 | Snake:4  | Reached XP level 17. HP: 135/142 MP: 17/17
 24917 | Snake:4  | Received a gift from Trog
 25889 | Snake:4  | HP: 4/144 [naga mage/flail (10)]
 25890 | Snake:4  | Killed from afar by a shock serpent

Skill      XL: |  1  2  3  4  5  6  7  8  9 10 11 12 13 14 15 16 |
---------------+-------------------------------------------------+-----
Dodging        | 2 3 4 5 6 7 9 10 11 12 13 14 | 14.6
Armour         | 2 3 4 5 6 8 9 10 11 12 13 14 | 14.9
Long Blades    | 3 4 5 7 8 9 10 11 12 13 14 | 14.8
Fighting       | 4 5 6 8 9 10 11 12 13 14 15 | 15.9

Action                   |  1- 3 |  4- 6 |  7- 9 | 10-12 | 13-15 | 16-18 || total
-------------------------+-------+-------+-------+-------+-------+-------++-------
Melee: Falchion          |    82 |   163 |   505 |    46 |       |       ||   796
       Headbutt          |    23 |    38 |   109 |   247 |   432 |   352 ||  1201
       Long sword        |       |       |       |   469 |       |       ||   469
       Double sword      |       |       |       |   329 |   134 |       ||   463
       Great sword       |       |       |       |     8 |   612 |       ||   620
       Unarmed           |       |       |       |       |    13 |       ||    13
       Demon blade       |       |       |       |       |   343 |   917 ||  1260
Invok: Berserk           |     1 |     1 |     6 |    12 |    20 |     5 ||    45
       Trog's Hand       |       |     2 |     1 |     4 |     7 |     5 ||    19
       Brothers in Arms  |       |       |       |     1 |     5 |     1 ||     7
 Abil: Evoke Flight      |       |       |       |     1 |       |       ||     1
Evoke: Wand              |       |       |       |     1 |       |     2 ||     3
  Use: Scroll            |     2 |       |     3 |    23 |    13 |     5 ||    46
       Potion            |       |       |       |       |     1 |     1 ||     2
 Stab: Distracted        |       |       |       |     2 |     1 |       ||     3
       Fleeing           |       |       |       |       |       |     1 ||     1
  Eat: Chunk             |     3 |     6 |    19 |    30 |    46 |    11 ||   115
       Meat ration       |       |       |       |     1 |       |       ||     1
       Fruit             |       |       |       |       |     8 |     1 ||     9
       Pizza             |       |       |       |       |     2 |       ||     2
       Beef jerky        |       |       |       |       |     4 |     4 ||     8
       Royal jelly       |       |       |       |       |       |     1 ||     1
Armor: Animal skin       |    11 |       |       |       |       |       ||    11
       Ring mail         |    14 |    46 |    23 |       |       |       ||    83
       Chain mail        |       |       |   235 |   450 |   468 |   294 ||  1447
Dodge: Dodged            |    46 |   140 |   343 |   768 |  1035 |   713 ||  3045
       Rpst.: Falchion   |    17 |    39 |    98 |     9 |       |       ||   163
       Long sword        |       |       |       |   125 |       |       ||   125
       Double sword      |       |       |       |    66 |    28 |       ||    94
       Great sword       |       |       |       |     2 |   166 |       ||   168
       Demon blade       |       |       |       |       |    75 |   144 ||   219
